 Dungeon Crawl Stone Soup version 0.22-a0-558-gc224181 (webtiles) character file.

148 iamserjio the Chopper (level 5, -4/46 HPs)
             Began as a Minotaur Skald on June 27, 2018.
             Slain by an orc
             ... wielding a +0 flail
              (5 damage)
             ... on level 4 of the Dungeon.
             The game lasted 00:03:21 (606 turns).

iamserjio the Chopper (Minotaur Skald)               Turns: 606, Time: 00:03:21

Health: -4/46      AC:  6    Str: 16    XL:     5   Next: 8%
Magic:  6/6        EV: 10    Int: 15    God:
Gold:   31         SH:  0    Dex: 10    Spells: 5/6 levels left

rFire    . . .     SeeInvis .   a - +0 hand axe
rCold    . . .     Gourm    .   (no shield)
rNeg     . . .     Faith    .   f - +0 scale mail
rPois    .         Spirit   .   e - +0 hat
rElec    .         Reflect  .   (no cloak)
rCorr    .         Harm     .   (no gloves)
MR       .....                  (no boots)
Stlth    ..........             (no amulet)
HPRegen  0.15/turn              (no ring)
MPRegen  0.10/turn              (no ring)

@: brilliant, flying, hasted (expiring), very quick
A: retaliatory headbutt, horns 2
a: no special abilities


You were on level 4 of the Dungeon.
You were not hungry.

You visited 1 branch of the dungeon, and saw 4 of its levels.

You collected 31 gold pieces.

Inventory:

Hand Weapons
 a - a +0 hand axe (weapon)
Armour
 b - a +0 leather armour
 e - a +0 hat (worn)
 f - a +0 scale mail (worn)
Jewellery
 l - an uncursed amulet of magic regeneration {unknown}
Scrolls
 h - 2 scrolls of remove curse {unknown}
 j - 2 scrolls of blinking {unknown}
Comestibles
 d - 2 rations


   Skills:
 + Level 3.8 Fighting
 * Level 4.9 Axes
 + Level 3.0 Armour
 - Level 2.1 Dodging
 - Level 1.3 Spellcasting
 - Level 2.0 Charms


You had 5 spell levels left.
You knew the following spells:

 Your Spells              Type           Power        Failure   Level  Hunger
a - Infusion              Chrm           ###.         4%          1    ##.....

Your spell library contained the following spells:

 Spells                   Type           Power        Failure   Level  Hunger
 Regeneration             Chrm/Necr      ##........   17%         3    ####...
 Shroud of Golubria       Chrm/Tloc      ##........   10%         2    ###....
 Song of Slaying          Chrm           ###.....     7%          2    ###....
 Spectral Weapon          Hex/Chrm       ##......     17%         3    ####...


Dungeon Overview and Level Annotations

Branches:
Dungeon (4/15)
 Temple: D:4-7

Altars:


Innate Abilities, Weirdness & Mutations

You reflexively headbutt those who attack you in melee.
You have a pair of horns on your head.


Message History

The tomahawk hits you.
* * * LOW HITPOINT WARNING * * *
Found 14 gold pieces.
There is an open door here.
You barely miss the orc.
Your extra speed is starting to run out.
The orc closely misses you.
You hit the orc but do no damage. You closely miss the orc.
The orc throws a tomahawk.
The tomahawk hits you.
* * * LOW HITPOINT WARNING * * *
Your scale mail prevents you from hitting the orc.
Your headbutt misses the orc. The orc closely misses you.
You barely miss the orc. You hit the orc but do no damage. The orc misses you.
You hit the orc but do no damage. You hit the orc.
The orc hits you with a club.
* * * LOW HITPOINT WARNING * * *
You barely miss the orc.
The orc is lightly wounded.
You barely miss the orc. The orc hits you with a flail.
You die...

#.........# ....
#..##....##......#
#..##....##......+
#......).........#
#................#
#......).........#
#..##....##.....$#
#..##....##......#
#...#....##...o@# .
#...#...>######o##>...
#..
#.........So.......
#.......(..........
.......##.....##.....
........##.....# .....
..########......# ....
.. #......# ...
#.....## ...


You could see 3 orcs and a ball python.

Vanquished Creatures
  A hound (D:4)
  2 orc wizards (D:3)
  3 gnolls (D:4)
  An ooze (D:4)
  A leopard gecko (D:4)
  2 orcs (D:3)
  5 bats (D:1)
  2 giant cockroaches (D:1)
  3 goblins (D:1)
  A quokka (D:3)
  2 frilled lizards
  4 kobolds (D:1)
  4 rats (D:1)
31 creatures vanquished.

Notes
Turn   | Place    | Note
-------+----------+-------------------------------------------
     0 | D:1      | iamserjio the Minotaur Skald began the quest for the Orb.
     0 | D:1      | Reached XP level 1. HP: 18/18 MP: 1/1
   175 | D:1      | Reached skill level 3 in Axes
   175 | D:1      | Reached XP level 2. HP: 24/25 MP: 3/3
   489 | D:3      | Reached XP level 3. HP: 21/31 MP: 4/4
   503 | D:3      | Reached skill level 4 in Axes
   503 | D:3      | Reached XP level 4. HP: 23/38 MP: 5/5
   580 | D:4      | Reached XP level 5. HP: 13/46 MP: 6/6
   605 | D:4      | HP: 1/46 [orc/club (3)]
   606 | D:4      | Slain by an orc

Vault maps used:
D:1:      dpeg_arrival_water_temple_mockup, fountainhead
D:2:      lemuel_doored_altar, minmay_misc_feat_more_columns, hex_tiny
D:3:      first_ration, serial_bayou_pond_d
D:4:      cheibrodos_sewer_entry_bend

Skill      XL: |  1  2  3  4 |
---------------+-------------+-----
Axes           | 3 4 |  4.9
Fighting       | 3 |  3.8
Armour         | 2 3 |  3.0
Dodging        | |  2.1
Spellcasting   | |  1.3
Charms         | |  2.0

Action                   |  1- 3 |  4- 6 || total
-------------------------+-------+-------++-------
Melee: Hand axe          |    56 |    32 ||    88
       Headbutt          |     9 |     6 ||    15
  Use: Potion            |       |     4 ||     4
Armor: Leather armour    |     6 |       ||     6
       Scale mail        |    12 |    15 ||    27
Dodge: Dodged            |    48 |    24 ||    72

Table legend:
 A = Spawn XP
 B = Non-spawn XP
 C = Spawn XP percentage of total XP
 D = Spawn monster count
 E = Non-spawn monster count
 F = Spawn count percentage of total count
 G = Total turns spent on level
                    A         B        C        D         E        F      G
               +---------+---------+-------+---------+---------+-------+---------
         Total |       0 |     212 |   0.0 |       0 |      31 |   0.0 |   606
               +---------+---------+-------+---------+---------+-------+---------
           D:1 |       0 |      29 |   0.0 |       0 |      19 |   0.0 |   398
           D:2 |       0 |       1 |   0.0 |       0 |       1 |   0.0 |    67
           D:3 |       0 |      89 |   0.0 |       0 |       5 |   0.0 |    64
           D:4 |       0 |      93 |   0.0 |       0 |       6 |   0.0 |    77
               +---------+---------+-------+---------+---------+-------+---------
